Map: Lightshade LE

Players

HeroMarine

  • Race: Terran Terran
  • Spawn Location: 11:00

Nice - Winner!

  • Race: Protoss Protoss
  • Spawn Location: 5:00

Event: DreamHack SC2 Masters 2020 Winter

VOD

Have the link to the VOD?

Description

Time

  • Played on: Nov. 13, 2020, 10:51 a.m.
  • Length: 10:33

All games in this series

Show
View Real Time Build Order
Export as new Build Order

HeroMarine Terran 

Build Orders: Reaper Expand 

Get SALT Encoding   

  12  0:00  SCV  
  13  0:12  SCV  
  14  0:17  Supply Depot  
  14  0:24  SCV  
  15  0:38  SCV  
  16  0:43  Barracks  
  16  0:46  Refinery  
  16  0:51  SCV  
  17  1:03  SCV  
  18  1:15  SCV  
  19  1:30  Reaper, Orbital Command  
  20  1:50  Command Center  
  20  1:55  SCV, Bunker  
  21  2:03  Supply Depot  
  21  2:04  Marine  
  22  2:09  SCV  
  23  2:17  Factory  
  23  2:24  Refinery  
  23  2:25  SCV  
  23  2:26  Barracks Reactor  
  24  2:37  SCV  
  25  2:49  SCV  
  26  3:01  SCV, Hellion, Starport  
  26  3:03  Marine x2  
  26  3:05  Orbital Command  
  31  3:13  SCV  
  32  3:20  Marine  
  32  3:21  Marine  
  32  3:23  Widow Mine  
  36  3:27  SCV  
  36  3:32  SCV, Supply Depot  
  38  3:38  Marine x2  
  38  3:39  SCV  
  41  3:41  Medivac  
  41  3:45  Widow Mine  
  41  3:48  SCV  
  45  3:51  SCV  
  44  3:56  Marine x2  
  44  4:00  SCV  
  46  4:07  Factory Tech Lab  
  46  4:12  SCV x2  
  46  4:14  Viking, Marine x2  
  52  4:24  SCV x2  
  52  4:38  SCV x2  
  52  4:42  Marine x2, Siege Tank  
  52  4:44  Liberator  
  52  4:45  Supply Depot  
  62  4:47  Supply Depot  
  62  4:52  SCV  
  62  4:56  Supply Depot  
  62  5:06  SCV x2, Marine x2  
  66  5:15  Siege Tank  
  66  5:18  SCV x2  
  71  5:25  Command Center  
  71  5:30  SCV  
  71  5:33  SCV  
  72  5:39  Marine x2  
  71  5:42  SCV  
  71  5:45  SCV  
  71  5:47  Viking  
  74  5:55  SCV  
  72  5:57  SCV  
  72  6:01  Marine x2  
  73  6:05  Siege Tank  
  73  6:07  SCV  
  73  6:09  SCV  
  73  6:10  Barracks  
  78  6:18  Liberator  
  80  6:19  SCV  
  80  6:20  Marine x2  
  80  6:23  SCV  
  81  6:31  SCV  
  76  6:35  SCV  
  76  6:37  Barracks  
  76  6:38  Marine x2  
  78  6:40  Siege Tank  
  78  6:43  SCV  
  81  6:48  SCV  
  73  6:55  Engineering Bay, Refinery x2  
  73  6:56  Marine x2  
  73  6:58  Barracks Tech Lab  
  73  7:01  Orbital Command  
  70  7:09  Barracks  
  70  7:10  Barracks  
  70  7:13  SCV x2  
  70  7:14  Marine x2  
  74  7:17  Stimpack  
  74  7:21  Terran Infantry Weapons Level 1, Engineering Bay  
  74  7:25  SCV x2  
  74  7:27  Supply Depot  
  74  7:28  Marine  
  77  7:39  Factory Reactor  
  77  7:40  Missile Turret, Marine x2  
  79  7:44  Marine  
  79  7:45  Combat Shield  
  79  7:46  Starport Reactor, Marine  
  79  7:50  SCV x2  
  83  7:58  Barracks Reactor, Barracks Tech Lab  
  80  8:01  Marine x2  
  80  8:03  Marauder  
  80  8:04  Marauder  
  80  8:05  Orbital Command  
  86  8:06  SCV x2  
  88  8:13  Supply Depot x2  
  88  8:17  Marauder  
  88  8:18  SCV  
  88  8:19  SCV  
  92  8:20  Marine, Terran Infantry Armor Level 1  
  92  8:21  Marine, Widow Mine  
  92  8:22  Widow Mine  
  92  8:24  Supply Depot, Marauder  
  92  8:25  Bunker  
  92  8:26  Marauder  
  102  8:29  Supply Depot  
  102  8:30  SCV, Concussive Shells  
  102  8:31  SCV  
  104  8:37  Marine  
  104  8:38  Marauder, Marine  
  104  8:39  Missile Turret  
  104  8:40  Medivac  
  110  8:45  SCV x3  
  110  8:46  Marauder  
  115  8:51  Marauder  
  115  8:52  Refinery, Marine x2  
  115  8:54  Refinery  
  115  8:55  Marine x2  
  119  8:57  SCV  
  119  8:58  Widow Mine x2  
  119  9:01  Armory  
  126  9:06  Marauder  
  126  9:07  Marauder  
  126  9:09  Marine  
  130  9:12  Marauder  
  132  9:20  Marine x2  
  132  9:21  SCV, Marine  
  132  9:22  SCV x2  
  132  9:24  Medivac, Widow Mine x2  
  115  9:27  Marauder  
  115  9:28  Marauder  
  106  9:33  SCV, Marine  
  106  9:34  Marauder  
  106  9:38  Marine  
  95  9:41  Marine  
  84  9:52  Marine x2  
  83  9:53  Marine  
  83  9:54  Marine  
  76  10:01  Marine  
  76  10:06  Marine  
  71  10:10  Marine x2  
  71  10:12  Marine x2  
Show
View Real Time Build Order
Export as new Build Order

Nice Protoss - Winner!

Build Orders: 1 Gate Expand, Zealot Archon 

Get SALT Encoding   

  12  0:00  Probe  
  13  0:12  Probe  
  14  0:20  Pylon  
  14  0:24  Probe  
  15  0:38  Gateway  
  15  0:44  Probe (Chrono Boost)  
  16  0:52  Assimilator  
  16  0:56  Probe (Chrono Boost)  
  17  1:02  Probe (Chrono Boost)  
  18  1:10  Probe  
  19  1:22  Probe  
  20  1:28  Cybernetics Core  
  20  1:38  Nexus  
  20  1:44  Pylon  
  20  1:52  Probe  
  20  1:53  Assimilator  
  21  2:02  Adept (Chrono Boost)  
  21  2:06  Shield Battery  
  21  2:07  Warp Gate  
  23  2:11  Probe  
  24  2:22  Adept (Chrono Boost)  
  24  2:23  Probe  
  27  2:35  Probe  
  27  2:36  Robotics Facility  
  28  2:44  Adept (Chrono Boost)  
  28  2:47  Probe  
  31  2:51  Probe  
  32  2:59  Probe  
  32  3:03  Probe  
  34  3:16  Probe  
  34  3:18  Gateway  
  35  3:20  Probe, Gateway  
  35  3:25  Warp Prism (Chrono Boost)  
  38  3:35  Probe x2  
  38  3:40  Pylon  
  40  3:47  Probe  
  41  3:53  Probe  
  40  3:59  Observer (Chrono Boost)  
  40  4:00  Adept  
  40  4:01  Probe  
  44  4:05  Probe  
  45  4:14  Probe  
  45  4:15  Pylon  
  46  4:20  Probe, Observer (Chrono Boost)  
  46  4:23  Twilight Council  
  48  4:26  Probe  
  48  4:28  Stalker x3  
  48  4:32  Probe (Chrono Boost)  
  49  4:42  Probe (Chrono Boost), Assimilator  
  49  4:43  Assimilator  
  49  4:44  Probe (Chrono Boost), Observer  
  50  4:48  Observer  
  50  4:52  Probe (Chrono Boost)  
  52  4:53  Probe (Chrono Boost)  
  52  4:56  Charge (Chrono Boost)  
  52  4:59  Probe, Gateway x2  
  50  5:02  Probe, Templar Archives  
  52  5:12  Immortal (Chrono Boost)  
  51  5:18  Shield Battery  
  55  5:23  Stalker x2  
  55  5:24  Zealot  
  61  5:50  Pylon  
  61  5:53  Pylon  
  61  5:54  Pylon  
  61  5:55  Immortal (Chrono Boost)  
  61  6:02  Stalker x2  
  61  6:10  Gateway, High Templar  
  61  6:11  Zealot, High Templar  
  65  6:14  Gateway  
  65  6:15  Archon  
  65  6:17  Gateway  
  57  6:33  Zealot x2  
  57  6:34  Immortal (Chrono Boost)  
  65  6:42  Pylon  
  65  6:43  Zealot x2, Observer  
  65  6:59  High Templar x2  
  69  7:07  Archon  
  69  7:08  Pylon  
  69  7:10  Warp Prism (Chrono Boost)  
  69  7:15  Nexus  
  71  7:17  High Templar x2  
  71  7:19  Probe x2  
  71  7:21  Archon  
  77  7:28  Pylon  
  77  7:31  Probe x2  
  79  7:39  Observer  
  79  7:43  Probe x2  
  81  7:49  Stalker x2  
  83  7:55  Probe x2  
  81  8:03  Observer (Chrono Boost)  
  81  8:06  Gateway  
  81  8:07  Probe x2  
  81  8:08  High Templar x2  
  87  8:13  Archon  
  87  8:14  Zealot x4  
  87  8:19  Probe x2  
  97  8:23  Pylon  
  97  8:31  Probe x2  
  97  8:32  Probe, Pylon  
  100  8:34  High Templar x2  
  100  8:36  Zealot x2  
  100  8:38  Archon  
  100  8:41  Zealot x2  
  112  8:43  Zealot  
  112  8:48  Pylon  
  114  8:56  High Templar x2  
  114  9:00  Archon  
  114  9:01  Zealot x3  
  114  9:02  Zealot  
  126  9:06  Zealot x2  
  108  9:28  Zealot x4  
  108  9:29  Zealot x4  
  94  9:49  Zealot  
  94  9:50  Zealot x7  
  84  10:12  Zealot x7  
Tags
 
Add a new tag
Caveats
  • Supply blocks, unpowered buildings, or Contaminate may cause inaccurate times.
  • Supply counts are checked every 10 seconds.